 Dungeon Crawl Stone Soup version 0.29.1-1-gd02db6906a (webtiles) character file.

Game seed: 16616612574025591003

123 warriortoast the Conjurer (level 4, -3/24 HPs)
             Began as a Deep Elf Conjurer on Oct 18, 2022.
             Slain by a river rat (6 damage)
             ... in a sewer.
             The game lasted 00:05:37 (2928 turns).

warriortoast the Conjurer (Deep Elf Conjurer)       Turns: 2928, Time: 00:05:38

Health: -3/24      AC:  2    Str:  4    XL:     4   Next: 80%
Magic:  6/13       EV: 12    Int: 25    God:
Gold:   229        SH:  0    Dex: 13    Spells: 9/13 levels left

rFire   . . .      SeeInvis .   d - +0 falchion
rCold   . . .      Faith    .   (no shield)
rNeg    . . .      Spirit   .   a - +0 robe
rPois   .          Reflect  .   (no helmet)
rElec   .          Harm     .   (no cloak)
rCorr   .          Rampage  .   (no gloves)
Will    .....                   (no boots)
Stlth   ++........              (no amulet)
HPRegen 0.08/turn               (no ring)
MPRegen 0.13/turn               (no ring)

@: studying Shields
A: no striking features
a: no special abilities


You were in a sewer.
You visited 1 branch of the dungeon, and saw 3 of its levels.
You also visited: Sewer.

You collected 229 gold pieces.

Inventory:

Hand Weapons
 d - a +0 falchion (weapon)
Armour
 a - a +0 robe (worn)
Scrolls
 g - a scroll of fog {unknown}
Potions
 b - a potion of magic
 c - 2 potions of heal wounds
 f - a potion of might
 i - 2 potions of invisibility
 j - 2 potions of haste
 k - a potion of brilliance {unknown}
 l - a potion of cancellation {unknown}


   Skills:
 - Level 2.4 Dodging
 - Level 2.4 Stealth
 + Level 5.0 Spellcasting
 + Level 5.5 Conjurations
 + Level 2.2 Hexes


You had 9 spell levels left.
You knew the following spells:

 Your Spells              Type           Power      Damage    Failure   Level
a - Magic Dart            Conj           100%       1d8       1%          1
b - Dazzling Flash        Conj/Hex       50%        N/A       4%          3

Your spell library contained the following spells:

 Spells                   Type           Power      Damage    Failure   Level
 Searing Ray              Conj           66%        2d6       1%          2
 Foxfire                  Conj/Fire      80%        2x1d8     2%          1
 Conjure Flame            Conj/Fire      20%        6-21      8%          3
 Inner Flame              Hex/Fire       11%        N/A       16%         3
 Fulminant Prism          Conj/Hex       12%        3d9       17%         4
 Flame Wave               Conj/Fire      20%        2d7       26%         4
 Iskenderun's Mystic Bla  Conj/Tloc      20%        2d6       26%         4


Dungeon Overview and Level Annotations

Branches:
Dungeon (3/15)              Sewer (1/1)

Altars:
Gozag
Trog
Xom
The Shining One


Message History

You enter the shallow water.
Moving in this stuff is going to be slow.
You open the large door. 3 river rats come into view.
The magic dart hits the river rat.
The river rat is heavily wounded.
The magic dart hits the river rat but does no damage.
The river rat is heavily wounded.
A river rat comes into view.
The river rat attacks as you move away! The river rat barely misses you.
The river rat attacks as you move away! The river rat closely misses you.
The river rat attacks as you move away! The river rat closely misses you.
The magic dart hits the river rat.
The river rat is severely wounded.
The river rat bites you. The river rat closely misses you.
The magic dart hits the river rat.
You kill the river rat!
The river rat misses you.
Your Spellcasting skill increases to level 5!
The magic dart hits the river rat.
The river rat is lightly wounded.
The river rat closely misses you.
The magic dart hits the river rat.
The river rat is lightly wounded.
The river rat bites you. x3
* * * LOW HITPOINT WARNING * * *
You are too injured to fight recklessly!
You are too injured to fight recklessly!
You are too injured to fight recklessly!
Casting: Magic Dart (safe; 1% risk of failure)
Confirm with . or Enter, or press ? or * to list all spells.
Aiming: Magic Dart (safe; 1% risk of failure)
Press: ? - help, Shift-Dir - straight line, f/p - river rat
Aim: a river rat (lightly wounded, 100% to hit)
The magic dart hits the river rat.
The river rat is moderately wounded.
The river rat bites you.
* * * LOW HITPOINT WARNING * * *
The river rat bites you.
You die...

~..~~~.~~~~~.~~.~~~~~~≈≈≈≈≈≈≈
≈≈≈≈≈≈≈≈≈≈≈≈≈≈≈≈≈≈≈≈≈.≈≈≈≈≈≈≈
~~†.~~~~~~~~~~...~~~≈~≈≈≈≈≈≈≈
###################~≈~#######
#~≈~# #~≈.# #####++#####~≈~#
........rr.~~~.#
........r@~~~~~#
#####''#####~≈~# #..r #~≈.#
#### #~≈.# #~≈~# ~~≈~# ≈≈~≈.#
~.~~≈~#


You could see 3 river rats.

Vanquished Creatures
  2 adders
  A gnoll (D:1)
  4 river rats
  5 ball pythons
  8 bats
  7 endoplasms
  4 giant cockroaches
  3 goblins
  4 hobgoblins
  A jackal (Sewer)
  3 kobolds (D:1)
  5 quokkas
  10 rats
57 creatures vanquished.

Notes
Turn   | Place    | Note
-------+----------+-------------------------------------------
     0 | D:1      | warriortoast the Deep Elf Conjurer began the quest for the
                  | Orb.
     0 | D:1      | Reached XP level 1. HP: 10/10 MP: 6/6
   167 | D:1      | Reached XP level 2. HP: 15/15 MP: 4/8
   335 | D:1      | Found a faded altar of an unknown god.
   576 | D:1      | Reached skill level 5 in Conjurations
   576 | D:1      | Reached XP level 3. HP: 19/19 MP: 8/10
  1060 | D:1      | Learned a level 3 spell: Dazzling Flash
  1788 | D:2      | Reached skill level 1 in Hexes
  2240 | D:3      | Found a glowing golden altar of the Shining One.
  2251 | D:3      | Found a shimmering altar of Xom.
  2251 | D:3      | Found an opulent altar of Gozag.
  2252 | D:3      | Found a bloodstained altar of Trog.
  2302 | D:3      | Found a glowing drain.
  2319 | D:3      | Reached XP level 4. HP: 1/24 MP: 2/12
  2482 | Sewer    | Entered a sewer
  2926 | Sewer    | Reached skill level 5 in Spellcasting
  2928 | Sewer    | Slain by a river rat

Illustrated notes

Levels and vault maps discovered:
D:1:      psy_arrival_basics, layout_loops_ring, ebering_ecumenical_altar_box,
          chequers_serial_rivers_micro_c, minmay_ruptured
D:2:      layout_basic, chequers_serial_rivers_micro_c
D:3:      layout_basic, tso_metal_star,
          chequers_temple_overflow_statue_of_worship, portal_sewer_entry_c,
          gammafunk_ghost_stat_death
Sewer:    sewer_fruit_machine

Skill      XL: |  1  2  3  4 |
---------------+-------------+-----
Spellcasting   | 4 5 |  5.0
Conjurations   | 5 |  5.5
Hexes          | 1 2 |  2.2
Dodging        | |  2.4
Stealth        | |  2.4

Action                   |  1- 3 |  4- 6 || total
-------------------------+-------+-------++-------
Melee: Falchion          |     2 |     1 ||     3
 Cast: Magic Dart        |    73 |    45 ||   118
  Use: Scroll            |     3 |     3 ||     6
Armor: Robe              |     2 |     2 ||     4
Dodge: Dodged            |     4 |    13 ||    17
